 Dungeon Crawl Stone Soup version 0.22.0-13-g43fe8f2 (webtiles) character file.

15642 iamserjio the Grappler (level 12, -7/112 HPs)
             Began as a Formicid Transmuter on Aug 16, 2018.
             Was an Elder of Okawaru.
             Mangled by a seven-headed hydra (9 damage)
             ... on level 12 of the Dungeon.
             The game lasted 00:44:23 (18818 turns).

iamserjio the Grappler (Formicid Transmuter)       Turns: 18818, Time: 00:44:24

Health: -7/112     AC:  6    Str: 16    XL:     12   Next: 60%
Magic:  16/20      EV: 15    Int: 17    God:    Okawaru [****..]
Gold:   540        SH:  0    Dex: 11    Spells: 7/22 levels left

rFire    x . .     SeeInvis .     - Unarmed
rCold    + + +     Gourm    .   (shield currently unavailable)
rNeg     . . .     Faith    .   (armour currently unavailable)
rPois    +         Spirit   .   (helmet unavailable)
rElec    .         Reflect  .   (cloak currently unavailable)
rCorr    .         Harm     .   (gloves currently unavailable)
MR       +....                  (boots currently unavailable)
Stlth    +++++.....             (no amulet)
HPRegen  0.28/turn              (no ring)
MPRegen  0.17/turn              (no ring)

@: ice-form, heroism
A: large, permanent stasis, dig shafts and tunnels, four strong arms
a: End Transformation, Heroism, Renounce Religion


You were on level 12 of the Dungeon.
You worshipped Okawaru.
Okawaru was greatly pleased with you.
You were hungry.
You were a creature of crystalline ice.
You visited 2 branches of the dungeon, and saw 13 of its levels.
You also visited: Sewer and Ossuary.

You collected 540 gold pieces.

Inventory:

Hand Weapons
 s - the +11 plutonium sword {*Contam Stlth-}
   (You found it on level 4 of the Dungeon)

   It causes magical contamination when unequipped.
   It makes you less stealthy.
 A - a +2 quarterstaff of chaos
 Q - a +0 blowgun
Missiles
 a - 203 arrows
 c - 319 stones (quivered)
 n - 11 tomahawks
 S - 4 curare-tipped needles {!f}
 X - 7 tomahawks of returning
Armour
 b - a +0 robe (melded)
 o - a cursed +0 ring mail
 r - a +0 buckler
 B - a +0 cloak (melded)
 L - a +0 leather armour of cold resistance
 M - a +0 ring mail of magic resistance
 P - a +0 pair of gloves (melded)
 T - a +0 pair of boots (melded)
 U - a +0 troll leather armour
 V - a +1 troll leather armour {Snorg}
Magical Staves
 t - an uncursed staff of air
Jewellery
 W - an uncursed amulet of guardian spirit
 Z - an uncursed amulet of regeneration {unknown}
Wands
 D - a wand of iceblast (3)
 F - a wand of paralysis (3)
 I - a wand of disintegration (11)
 K - a wand of enslavement (25)
 N - a wand of flame (61)
Scrolls
 e - 5 scrolls of fear
 f - 4 scrolls of magic mapping
 h - 4 scrolls of blinking
 i - 6 scrolls of enchant weapon
 j - a scroll of random uselessness {unknown}
 k - 7 scrolls of teleportation
 l - a scroll of enchant armour {unknown}
 m - 2 scrolls of immolation
 y - 3 scrolls of fog
 J - 7 scrolls of remove curse {unknown}
 O - a scroll of amnesia {unknown}
Potions
 g - 2 potions of haste
 p - 3 potions of curing {@q1}
 q - 3 potions of invisibility
 u - 2 potions of magic
 v - 5 potions of flight
 w - 5 potions of brilliance
 x - 4 potions of might
 z - a potion of cancellation
 C - 5 potions of heal wounds
 E - 2 potions of degeneration
 G - a potion of mutation {unknown}
 H - a potion of experience {unknown}
 R - a potion of ambrosia {unknown}
Comestibles
 d - 17 rations


   Skills:
 + Level 8.9(13.9) Fighting
 + Level 5.5(10.5) Dodging
 + Level 6.3(11.3) Stealth
 * Level 11.7(16.7) Unarmed Combat
 + Level 5.7 Spellcasting
 - Level 9.0 Transmutations
 - Level 3.0 Ice Magic
 - Level 2.0 Poison Magic
 - Level 4.0 Invocations
 + Level 4.4 Evocations


You had 7 spell levels left.
You knew the following spells:

 Your Spells              Type           Power        Failure   Level  Hunger
a - Beastly Appendage     Tmut           #####.       1%          1    None
b - Spider Form           Tmut/Pois      ###.......   4%          3    ##.....
c - Sticks to Snakes      Tmut           #####...     1%          2    #......
d - Blade Hands           Tmut           #####.....   9%          5    ######.
e - Ice Form              Ice/Tmut       ####....     11%         4    ####...

Your spell library contained the following spells:

 Spells                   Type           Power        Failure   Level  Hunger
 Bolt of Magma            Conj/Fire/Erth #.........   98%         5    ######.
 Confuse                  Hex            #.......     36%         3    ##.....
 Venom Bolt               Conj/Pois      #.........   94%         5    ######.
 Tukima's Dance           Hex            #.......     36%         3    ##.....
 Iron Shot                Conj/Erth      #.........   100%        6    #######
 Ensorcelled Hibernation  Hex/Ice        #.....       11%         2    #......
 Corona                   Hex            #......      13%         1    None
 Orb of Destruction       Conj           #.........   100%        7    #######
 Iskenderun's Battlesphe  Conj/Chrm      #.......     98%         5    ######.
 Dazzling Spray           Conj/Hex       #.....       36%         3    ##.....
 Spellforged Servitor     Conj/Summ      #.........   100%        7    #######


Dungeon Overview and Level Annotations

Branches:
Dungeon (12/15)            Temple (1/1) D:6            Lair (0/6) D:9
    Orc (0/2) D:10

Altars:
Ashenzari
Cheibriados
Dithmenos
Gozag
Hepliaklqana
Makhleb
Nemelex Xobeh
Okawaru
Qazlal
Sif Muna
Trog
Uskayaw
Wu Jian
Zin
The Shining One


Innate Abilities, Weirdness & Mutations

You cannot be hasted, slowed, berserked, paralysed or teleported.
You can dig through walls and to a lower floor.
Your four strong arms can wield two-handed weapons with a shield.
((You have a pair of large antennae on your head. (SInv)))


Message History

The seven-headed hydra misses you.
The seven-headed hydra barely misses you.
The seven-headed hydra bites you!
* * * LOW HITPOINT WARNING * * *
The seven-headed hydra bites you!
* * * LOW HITPOINT WARNING * * *
The seven-headed hydra bites you!
* * * LOW HITPOINT WARNING * * *
The seven-headed hydra bites you.
* * * LOW HITPOINT WARNING * * *
The seven-headed hydra completely misses you.
As you read the scroll of fear, it crumbles to dust.
You assume a fearsome visage.
The seven-headed hydra resists with some effort.
The seven-headed hydra bites you!
* * * LOW HITPOINT WARNING * * *
The seven-headed hydra barely misses you.
The seven-headed hydra bites you but does no damage.
The seven-headed hydra bites you!
You die...

###.#.....
#.........
#.##...).[
W######.##......
...>....##......
#########.........
#.........####...#
#D######### #####
#Y# ######## #.#
#>....รท. #.#
#.###### #.#
####.###### #.#
#.......... #.#
#.##.######
#####.# #.##.####
#.....# #.##....#
#.##### ##.#####<#


You could see a seven-headed hydra.

Vanquished Creatures
  Snorg (D:11)
  A two-headed ogre (D:11)
  A manticore (D:11)
  A centaur zombie (D:11)
  2 gargoyles
  A queen bee (D:10)
  2 hornets
  A troll (D:10)
  Grinder (D:5)
  4 hippogriffs
  Sigmund (D:6)
  2 wraiths
  20 yaks
  2 wyverns
  Eustachio (D:4)
  2 basilisks (D:9)
  A steam dragon (D:9)
  A hungry ghost (D:9)
  Menkaure (D:4)
  Edmund (D:5)
  Duvessa (D:5)
  A soldier ant (D:11)
  A water moccasin (D:8)
  4 orc warriors
  Purgy (Sewer)
  2 sky beasts
  7 ogres
  4 ice beasts
  2 phantoms
  5 centaurs
  2 crocodiles
  2 big kobolds
  9 bullfrogs
  Dowan (D:5)
  A wyvern skeleton (D:10)
  4 scorpions
  22 killer bees
  5 wights (D:11)
  A howler monkey (D:6)
  6 crimson imps
  2 bullfrog zombies
  2 quasits
  4 orc priests
  Crazy Yiuf (D:2)
  5 hounds
  10 orc wizards
  A bullfrog skeleton (D:7)
  2 centaur skeletons
  2 iguanas
  10 worker ants
  6 big kobold zombies (Ossuary)
  2 mummies
  A worker ant zombie (D:6)
  7 gnolls
  11 adders
  A river rat (D:4)
  2 shadow imps
  An ooze (D:2)
  An adder skeleton (D:3)
  5 worms
  A dart slug (D:5)
  2 leopard geckos
  39 orcs
  2 spectral bats (Ossuary)
  2 ball pythons (Sewer)
  6 giant cockroaches
  6 goblins
  7 hobgoblins
  11 jackals
  19 kobolds
  4 quokkas
  8 bats
  9 frilled lizards
  2 gnoll zombies (Ossuary)
  2 goblin zombies (Ossuary)
  3 hobgoblin zombies (Ossuary)
  7 kobold zombies (Ossuary)
  6 orc zombies
  A quokka zombie (D:6)
  7 rats
  A spectral goblin (Ossuary)
  A spectral kobold (Ossuary)
  2 spectral rats (Ossuary)
352 creatures vanquished.

Vanquished Creatures (collateral kills)
  A yak (D:9)
  An orc priest (D:9)
  A worker ant zombie (D:6)
  A leopard gecko (D:9)
  An orc (D:4)
5 creatures vanquished.

Vanquished Creatures (others)
  A big kobold zombie (Ossuary)
  2 spectral bats (Ossuary)
  A goblin zombie (Ossuary)
  A hobgoblin zombie (Ossuary)
  A spectral kobold (Ossuary)
6 creatures vanquished.

Grand Total: 363 creatures vanquished

Notes
Turn   | Place    | Note
-------+----------+-------------------------------------------
     0 | D:1      | iamserjio the Formicid Transmuter began the quest for the Orb.
     0 | D:1      | Reached XP level 1. HP: 15/15 MP: 3/3
   145 | D:1      | Reached XP level 2. HP: 21/21 MP: 5/5
   751 | D:1      | Reached XP level 3. HP: 27/27 MP: 4/6
   756 | D:1      | Learned a level 3 spell: Spider Form
   759 | D:1      | Learned a level 2 spell: Sticks to Snakes
  1517 | D:2      | Reached skill level 1 in Poison Magic
  1574 | D:2      | Reached XP level 4. HP: 33/33 MP: 3/7
  1921 | D:2      | Reached skill level 4 in Unarmed Combat
  1951 | D:2      | Found a runed door.
  2199 | D:3      | Reached XP level 5. HP: 39/39 MP: 1/8
  2426 | D:3      | Found an ornate altar of the Wu Jian Council.
  2704 | D:4      | Found a glowing drain.
  2731 | Sewer    | Entered a sewer
  2845 | Sewer    | Noticed Purgy
  2861 | Sewer    | Killed Purgy
  2861 | Sewer    | Reached XP level 6. HP: 32/47 MP: 6/9
  3254 | D:4      | Reached skill level 5 in Unarmed Combat
  3517 | D:4      | Found the +11 plutonium sword {*Contam Stlth-}
  3758 | D:4      | Reached XP level 7. HP: 52/52 MP: 3/10
  3787 | D:4      | Noticed Menkaure
  3808 | D:4      | Killed Menkaure
  4431 | D:4      | Noticed Eustachio
  4441 | D:4      | Killed Eustachio
  4441 | D:4      | Reached skill level 6 in Unarmed Combat
  4614 | D:4      | Reached XP level 8. HP: 60/60 MP: 8/12
  5016 | D:5      | Entered Level 5 of the Dungeon
  5488 | D:5      | Reached skill level 5 in Transmutations
  5603 | D:5      | Reached skill level 7 in Unarmed Combat
  5835 | D:5      | Reached skill level 5 in Fighting
  5910 | D:5      | Noticed Edmund
  5920 | D:5      | Killed Edmund
  5942 | D:5      | Noticed Dowan
  6241 | D:5      | Noticed Grinder
  6253 | D:5      | Killed Grinder
  6253 | D:5      | Reached XP level 9. HP: 54/68 MP: 4/13
  6384 | D:5      | Noticed Duvessa
  6651 | D:5      | Killed Duvessa
  6651 | D:5      | Reached skill level 8 in Unarmed Combat
  6652 | D:5      | Killed Dowan
  6843 | D:6      | Found a staircase to the Ecumenical Temple.
  6848 | Temple   | Entered the Ecumenical Temple
  6917 | Temple   | Became a worshipper of Warmaster Okawaru
  7308 | D:2      | Noticed Crazy Yiuf
  7315 | D:2      | Killed Crazy Yiuf
  7766 | D:6      | Noticed Sigmund
  7838 | D:6      | Killed Sigmund
  7978 | D:6      | Reached * piety under Okawaru
  8185 | D:6      | Reached skill level 1 in Invocations
  8188 | D:6      | Reached skill level 1 in Evocations
  8784 | D:7      | Found a sand-covered staircase.
  8791 | Ossuary  | Entered an ossuary
  9116 | Ossuary  | Reached skill level 9 in Unarmed Combat
  9287 | Ossuary  | Reached XP level 10. HP: 57/77 MP: 14/14
  9995 | D:7      | Learned a level 5 spell: Blade Hands
 10000 | D:7      | Learned a level 4 spell: Ice Form
 10439 | D:7      | Found a burning altar of Makhleb.
 10530 | D:8      | Reached ** piety under Okawaru
 10540 | D:8      | Reached skill level 1 in Ice Magic
 11235 | D:8      | Found a hazy altar of Hepliaklqana.
 11658 | D:8      | Noticed a moth of wrath
 11662 | D:8      | Found a bloodstained altar of Trog.
 12368 | D:9      | Reached skill level 1 in Stealth
 12456 | D:9      | Reached *** piety under Okawaru
 12804 | D:9      | Reached skill level 10 in Unarmed Combat
 13299 | D:9      | Noticed a gargoyle
 13311 | D:9      | Killed a gargoyle
 13311 | D:9      | Reached XP level 11. HP: 58/84 MP: 12/17
 13876 | D:9      | Found a staircase to the Lair.
 13998 | D:10     | Entered Level 10 of the Dungeon
 14027 | D:10     | Reached **** piety under Okawaru
 14529 | D:10     | Found a staircase to the Orcish Mines.
 15913 | D:10     | Reached skill level 11 in Unarmed Combat
 16811 | D:10     | Reached skill level 5 in Stealth
 16811 | D:10     | Reached XP level 12. HP: 90/94 MP: 15/19
 17155 | D:11     | Received a gift from Okawaru
 17155 | D:11     | Reached skill level 5 in Spellcasting
 17417 | D:11     | Reached skill level 5 in Dodging
 17933 | D:11     | Noticed Snorg
 17942 | D:11     | Killed Snorg
 18008 | D:11     | Noticed a two-headed ogre
 18017 | D:11     | Killed a two-headed ogre
 18453 | D:12     | Noticed a seven-headed hydra
 18818 | D:12     | HP: 2/112 [seven-headed hydra (11)]
 18818 | D:12     | Mangled by a seven-headed hydra

Skill      XL: |  1  2  3  4  5  6  7  8  9 10 11 12 |
---------------+-------------------------------------+-----
Fighting       | 2 3 4 5 6 7 8 |  8.9
Poison Magic   | 1 2 |  2.0
Unarmed Combat | 4 5 6 7 9 10 11 | 11.7
Transmutations | 3 4 5 6 7 8 9 |  9.0
Dodging        | 2 3 4 5 |  5.5
Spellcasting   | 3 4 5 |  5.7
Invocations    | 1 4 |  4.0
Evocations     | 1 2 4 |  4.4
Ice Magic      | 2 3 |  3.0
Stealth        | 2 5 6 |  6.3

Action                   |  1- 3 |  4- 6 |  7- 9 | 10-12 || total
-------------------------+-------+-------+-------+-------++-------
Melee: Unarmed           |   119 |   131 |   375 |   687 ||  1312
       Kick              |     9 |       |       |       ||     9
       Punch             |     1 |       |     7 |    11 ||    19
Throw: Stone             |       |       |     1 |     3 ||     4
 Cast: Beastly Appendage |     7 |       |       |       ||     7
       Spider Form       |     2 |    13 |    34 |    40 ||    89
       Sticks to Snakes  |       |       |    29 |    11 ||    40
       Ice Form          |       |       |       |     1 ||     1
Invok: Heroism           |       |       |     1 |    35 ||    36
 Abil: Dig               |       |       |     1 |       ||     1
Evoke: Wand              |       |       |       |    14 ||    14
  Use: Potion            |       |     2 |     1 |       ||     3
       Scroll            |       |     2 |     4 |    14 ||    20
 Stab: Sleeping          |       |     1 |       |     4 ||     5
       Distracted        |       |       |     1 |     3 ||     4
       Paralysed         |       |       |       |    12 ||    12
  Eat: Chunk             |     3 |     9 |    11 |    27 ||    50
       Ration            |       |       |     4 |     2 ||     6
Armor: Robe              |    21 |     7 |    21 |    64 ||   113
       Skin              |       |    19 |    11 |     7 ||    37
Dodge: Dodged            |    78 |    96 |   206 |   499 ||   879
